 Dungeon Sprint DCSS version 0.14-a0-259-gc627851 (console) character file.

1322 Dalvant the Arsonist (level 7, -6/39 HPs)
             Began as a Deep Elf Fire Elementalist on Oct 14, 2013.
             Mangled by a crocodile (12 damage)
             ... in the Dungeon (Sprint II: "The Violet Keep of Menkaure").
             The game lasted 00:03:19 (992 turns).

Dalvant the Arsonist (Deep Elf Fire Elementalist)    Turns: 992, Time: 00:03:20

HP  -6/39        AC  2     Str  5      XL: 7   Next: 62%
MP  19/24        EV 13     Int 19 (22) God:
Gold 506         SH  0     Dex 15      Spells:  3 memorised, 10 levels left

Res.Fire  : . . .   See Invis. : .   (no weapon)
Res.Cold  : . . .   Warding    : .   a - +0 elf robe
Life Prot.: . . .   Conserve   : .   (no shield)
Res.Poison: .       Res.Corr.  : .   (no helmet)
Res.Elec. : .       Clarity    : .   (no cloak)
Sust.Abil.: . .     Spirit.Shd : .   (no gloves)
Res.Mut.  : .       Prev.Telep.: +   (no boots)
Res.Rott. : .       Flight     : .   (no amulet)
Saprovore : . . .                    (no ring)
                                     (no ring)

@: slightly resistant to hostile enchantments, quite stealthy
A: no striking features
a: no special abilities


You were in the Dungeon.
You were near starving.

You visited 1 branch You collected 486 gold pieces.

Inventory:

Armour
 a - a +0 elven robe (worn)
Comestibles
 c - a bread ration
Scrolls
 i - a scroll of blinking
Potions
 d - a potion of curing
 e - a potion of heal wounds
 f - a potion of speed
 g - 2 potions of magic
Books
 b - a book of Flames

   Spells                             Type                      Level
   *Flame Tongue                      Conjuration/Fire             1
   Throw Flame                        Conjuration/Fire             2
   Conjure Flame                      Conjuration/Fire             3
   Inner Flame                        Hexes/Fire                   3
   *Sticky Flame                      Conjuration/Fire             4
   *Fireball                          Conjuration/Fire             5


   Skills:
 - Level 4.2 Fighting
 - Level 2.4 Dodging
 - Level 5.2 Stealth
 + Level 7.4 Spellcasting
 * Level 9.2 Conjurations
 + Level 13.0 Fire Magic


You had 10 spell levels left.
You knew the following spells:

 Your Spells              Type           Power        Failure   Level  Hunger
a - Flame Tongue          Conj/Fire      #####        1%          1    None
b - Fireball              Conj/Fire      #####.....   2%          5    #####..
c - Sticky Flame          Conj/Fire      #####...     1%          4    ###....


Dungeon Overview and Level Annotations

Branches:
Dungeon (1/1)

Altars:
Fedhas
Zin

Annotations:
D exclusion: silver statue


Message History

You are engulfed in a cloud of scalding steam.
The crocodile bites you!
Casting: Flame Tongue
Confirm with . or Enter, or press ? or * to list all spells.
Aiming: Flame Tongue
Press: ? - help, Shift-Dir - straight line, f - crocodile
Aim: a crocodile The flame hits the crocodile.
The crocodile appears unharmed.
The crocodile bites you!
Ouch! That really hurt!
* * * LOW HITPOINT WARNING * * *
Casting: Flame Tongue
Confirm with . or Enter, or press ? or * to list all spells.
Aiming: Sticky Flame
Press: ? - help, Shift-Dir - straight line, f/p - crocodile
Aim: a crocodile The sticky flame hits the crocodile.
The crocodile is lightly wounded.
The crocodile is covered in liquid flames!
The crocodile burns!
The crocodile bites you!
You die...

#### ..# ### ###..##
#.###+###.##..#
#.#.##<##...#..#
+###'.<.'.##'..###
#.##<####.#@...###...
#.# #%###.##.t§...≈≈≈≈
######.####§≈§§§§.§#+#
#..##.#≈≈§≈§≈≈§§≈#_.
##...##≈≈§≈§≈≈≈.§#.
##+##≈≈≈§§§≈≈≈≈≈#_
≈≈≈≈§≈≈≈§≈§≈§≈≈≈#.
#'''#'§'#≈≈≈§§≈≈≈§#
#§§§§≈≈§##≈≈§###§§
#§§§§§§§≈§##§§#
≈≈§§§8§≈§§§ ≈≈§§§§§§§
≈§§


You could see a crocodile (burning).

Vanquished Creatures
  2 hippogriffs (D)
  Menkaure (D)
  4 brain worms (D)
  3 agate snails (D)
10 creatures vanquished.

Notes
Turn   | Place    | Note
--------------------------------------------------------------
     0 | D        | Dalvant, the Deep Elf Fire Elementalist, began the quest for the Orb.
     0 | D        | Reached XP level 1. HP: 10/10 MP: 4/4
     1 | D        | Noticed a hippogriff
     1 | D        | Noticed a hippogriff
     5 | D        | Noticed an agate snail
     5 | D        | Noticed an agate snail
     8 | D        | Noticed a brain worm
    17 | D        | Killed a brain worm
    17 | D        | Reached skill level 6 in Fire Magic
    17 | D        | Reached XP level 2. HP: 15/15 MP: 0/7
    17 | D        | Reached XP level 3. HP: 19/19 MP: 0/9
    17 | D        | Reached XP level 4. HP: 24/24 MP: 0/12
    26 | D        | Learned a level 4 spell: Sticky Flame
    96 | D        | Noticed a brain worm
    96 | D        | Noticed Menkaure
   100 | D        | Killed a brain worm
   100 | D        | Reached skill level 8 in Fire Magic
   152 | D        | Killed Menkaure
   152 | D        | Reached skill level 5 in Stealth
   152 | D        | Reached skill level 5 in Conjurations
   152 | D        | Reached skill level 9 in Fire Magic
   152 | D        | Reached XP level 5. HP: 18/29 MP: 11/16
   279 | D        | Learned a level 5 spell: Fireball
   280 | D        | Noticed a brain worm
   280 | D        | Noticed a brain worm
   280 | D        | Noticed a silver statue
   288 | D        | Killed a brain worm
   288 | D        | Reached skill level 10 in Fire Magic
   288 | D        | Reached XP level 6. HP: 22/35 MP: 13/19
   291 | D        | Killed a brain worm
   291 | D        | Reached skill level 11 in Fire Magic
   418 | D        | Killed a hippogriff
   418 | D        | Reached skill level 5 in Spellcasting
   418 | D        | Reached skill level 12 in Fire Magic
   664 | D        | Killed a hippogriff
   664 | D        | Reached XP level 7. HP: 37/39 MP: 13/23
   713 | D        | Killed an agate snail
   878 | D        | Killed an agate snail
   886 | D        | Noticed an agate snail
   887 | D        | Noticed a crocodile
   908 | D        | Killed an agate snail
   908 | D        | Reached skill level 13 in Fire Magic
   987 | D        | Found a blossoming altar of Fedhas.
   987 | D        | Found a glowing silver altar of Zin.
   992 | D        | Mangled by a crocodile

Action                   |  1- 3 |  4- 6 |  7- 9 || total
-------------------------+-------+-------+-------++-------
Melee: Unarmed           |     3 |       |       ||     3
 Cast: Flame Tongue      |     3 |    20 |    27 ||    50
       Sticky Flame      |       |     3 |     5 ||     8
  Use: Potion            |     1 |       |       ||     1
